 Dungeon Crawl Stone Soup version 0.27-a0-249-g74f53ef629 (webtiles) character file.

Game seed: 6711431914382537232

17172 Borgoz the Carver (level 12, -3/104 HPs)
             Began as a Ghoul Gladiator on Feb 3, 2021.
             Was an Elder of Dithmenos.
             Slain by a very large slime creature (28 damage)
             ... on level 12 of the Dungeon.
             The game lasted 00:24:07 (15074 turns).

Borgoz the Carver (Ghoul Gladiator)                Turns: 15074, Time: 00:24:07

Health: -3/104     AC: 12    Str: 25    XL:     12   Next: 45%
Magic:  11/11      EV: 21    Int:  3    God:    Dithmenos [****..]
Gold:   611        SH:  9    Dex: 14    Spells: 11/11 levels left

rFire    . . .     SeeInvis +   b - +4 scimitar (flame)
rCold    + . .     Faith    .   l - +0 buckler
rNeg     + + +     Spirit   .   y - +1 leather armour {Will+}
rPois    ∞         Reflect  +   A - +0 helmet {SInv}
rElec    .         Harm     .   D - +1 cloak {Will+}
rCorr    .         Rampage  .   j - +0 pair of gloves
Will     ++...                  q - +1 pair of boots
Stlth    +.........             r - amulet of reflection
HPRegen  0.00/turn              s - +4 ring of evasion
MPRegen  0.12/turn              E - +6 ring of strength

@: hasted, wreathed by umbra, very quick
A: claws 1, cold resistance 1, negative energy resistance 3, inhibited
regeneration, torment resistance, unbreathing
a: Renounce Religion, Shadow Step


You were on level 12 of the Dungeon.
You worshipped Dithmenos.
Dithmenos was greatly pleased with you.
You visited 2 branches of the dungeon, and saw 13 of its levels.

You collected 864 gold pieces.
You spent 253 gold pieces at shops.

Inventory:

Hand Weapons
 a - a +2 great sword of freezing
 b - a +4 scimitar of flaming (weapon)
Armour
 j - a +0 pair of gloves (worn)
 l - a +0 buckler (worn)
 q - a +1 pair of boots (worn)
 y - a +1 leather armour of willpower (worn)
 A - a +0 helmet of see invisible (worn)
 D - a +1 cloak of willpower (worn)
Jewellery
 n - an uncursed ring of protection from fire
 r - an amulet of reflection (around neck)
 s - a +4 ring of evasion (left hand)
 E - a +6 ring of strength (right hand)
Wands
 c - a wand of paralysis (1)
 o - a wand of digging (3)
 w - a wand of acid (1)
 z - a wand of flame (13)
Scrolls
 d - a scroll of fog
 e - 2 scrolls of fear
 h - 4 scrolls of blinking
 i - 8 scrolls of teleportation
 m - 4 scrolls of remove curse
 p - 2 scrolls of magic mapping
 t - 4 scrolls of enchant armour
 v - a scroll of enchant weapon
 B - a scroll of summoning
Potions
 f - 2 potions of brilliance
 g - 3 potions of cancellation
 k - a potion of resistance
 u - 2 potions of flight
 C - a potion of haste


   Skills:
 + Level 9.2 Fighting
 * Level 10.9 Long Blades
 - Level 1.7 Throwing
 * Level 8.7 Armour
 * Level 9.2 Dodging
 + Level 1.3 Shields
 + Level 4.1 Evocations


You had 11 spell levels left.
You didn't know any spells.
Your spell library contained the following spells:

 Spells                   Type           Power        Failure   Level
 Corona                   Hex            0%           67%         1
 Ensorcelled Hibernation  Hex/Ice        0%           82%         2
 Slow                     Hex            0%           82%         2
 Inner Flame              Hex/Fire       0%           96%         3
 Portal Projectile        Hex/Tloc       0%           96%         3
 Animate Armour           Summ/Erth      0%           100%        4
 Animate Dead             Necr           0%           100%        4
 Cause Fear               Hex            0%           100%        4
 Leda's Liquefaction      Hex/Erth       0%           100%        4
 Borgnjor's Vile Clutch   Necr/Erth      0%           100%        5
 Irradiate                Conj/Tmut      0%           100%        5
 Silence                  Hex/Air        0%           100%        5
 Death Channel            Necr           0%           100%        6
 Shadow Creatures         Summ           N/A          100%        6
 Simulacrum               Ice/Necr       0%           100%        6
 Beastly Appendage        Tmut           Unusable     N/A         1
 Wereblood                Tmut           Unusable     N/A         2
 Spider Form              Tmut/Pois      Unusable     N/A         3
 Ice Form                 Ice/Tmut       Unusable     N/A         4
 Blade Hands              Tmut           Unusable     N/A         5
 Hydra Form               Tmut           Unusable     N/A         6
 Statue Form              Tmut/Erth      Unusable     N/A         6
 Dragon Form              Tmut           Unusable     N/A         7

Dungeon Overview and Level Annotations

Branches:
Dungeon (12/15)            Temple (1/1) D:5            Lair (0/6) D:11
    Orc: D:9-12

Altars:
Ashenzari
Cheibriados
Dithmenos
Elyvilon
Fedhas
Gozag
Hepliaklqana
Kikubaaqudgha
Makhleb
Nemelex Xobeh
Okawaru
Qazlal
Ru
Sif Muna
Trog
Uskayaw
Vehumet
Wu Jian
Xom
Yredelemnul
Zin
The Shining One

Shops:
D:9 }=[?

Annotations:
D:12 1 transporter


Innate Abilities, Weirdness & Mutations

You thrive by killing the living.
You are immune to poison.
You have sharp fingernails.
Your flesh is cold resistant. (rC+)
You are immune to negative energy. (rN+++)
You do not regenerate when monsters are visible.
You are immune to unholy pain and torment.
You can survive without breathing.


Message History

You slash the very large slime creature!
You burn the very large slime creature.
The very large slime creature is heavily wounded.
The very large slime creature closely misses you.
You completely miss the very large slime creature.
The very large slime creature is heavily wounded.
The slime creature completely misses you.
The slime creature barely misses you.
You slash the very large slime creature!
You burn the very large slime creature!
The very large slime creature is heavily wounded.
The very large slime creature hits you. The slime creature hits you!
* * * LOW HITPOINT WARNING * * *
You slice the very large slime creature!!
You burn the very large slime creature.
The very large slime creature is severely wounded.
The slime creature hits you.
* * * LOW HITPOINT WARNING * * *
The very large slime creature hits you!!
You die...

.##... ..>#.#
.....#...#.#
....#.....#
#...#.....#
####.<.#.....#
.......#...#.#
.......#.....#
#.9.JJJ...# #
#######...#@....# #
#....##...#.....# #
#.<..##...#.....# #
#....##...#..##.#
######..#'######.....#
....##..#............#
........#............#
##......#.....))..##.#
######..#.........##.#


You could see a very large slime creature, 2 slime creatures and a gargoyle.

Vanquished Creatures
  Snorg (D:11)
  A boulder beetle (D:11)
  2 two-headed ogres
  Erica (D:9)
  Urug (D:11)
  An unseen horror (D:10)
  Pikel (D:6)
  An ugly thing (D:11)
  Maurice (D:9)
  A gargoyle (D:12)
  Psyche (D:8)
  2 trolls
  Prince Ribbit (D:9)
  Grinder (D:5)
  3 slime creatures (D:12)
  A wraith (D:10)
  3 wyverns
  16 yaks
  A water moccasin (D:5)
  6 sky beasts
  3 ice beasts
  A black bear (D:9)
  7 orc warriors
  5 centaurs
  6 ogres
  3 phantoms
  A big kobold (D:6)
  5 bullfrogs
  7 scorpions
  5 killer bees (D:11)
  13 wights
  4 electric eels
  2 howler monkeys
  4 bullfrog zombies
  3 centaur zombies
  8 hounds
  3 jellies
  3 bullfrog skeletons
  4 orc priests
  10 orc wizards
  A centaur skeleton (D:6)
  3 iguanas
  7 worker ants
  2 hound zombies (D:6)
  8 gnolls
  14 adders
  2 shadow imps
  A white imp (D:5)
  An ufetubus (D:10)
  2 oozes
  An adder zombie (D:7)
  An adder skeleton (D:7)
  9 worms
  3 dart slugs
  2 leopard geckos
  31 orcs
  4 giant cockroaches
  11 goblins
  9 hobgoblins
  11 jackals
  7 kobolds
  9 quokkas
  3 ball pythons
  7 bats
  4 frilled lizards
  A giant cockroach zombie (D:6)
  A jackal skeleton (D:7)
  A jackal zombie (D:6)
  7 rats
306 creatures vanquished.

Notes
Turn   | Place    | Note
-------+----------+-------------------------------------------
     0 | D:1      | Borgoz the Ghoul Gladiator began the quest for the Orb.
     0 | D:1      | Reached XP level 1. HP: 17/17 MP: 0/0
   197 | D:1      | Reached XP level 2. HP: 23/25 MP: 1/1
   203 | D:1      | Reached skill level 3 in Long Blades
   270 | D:1      | Reached XP level 3. HP: 16/30 MP: 2/2
   709 | D:2      | Reached skill level 1 in Armour
   939 | D:2      | HP: 1/30 [worm (9)]
  1177 | D:2      | Reached XP level 4. HP: 24/37 MP: 3/3
  2562 | D:3      | Reached XP level 5. HP: 45/45 MP: 4/4
  2719 | D:3      | Reached skill level 4 in Long Blades
  3016 | D:3      | Noticed an angel
  3018 | D:3      | Found a glowing silver altar of Zin.
  3019 | D:3      | Found a shimmering altar of Xom.
  3719 | D:4      | Noticed an ogre
  3727 | D:4      | Killed an ogre
  3728 | D:4      | Reached XP level 6. HP: 33/52 MP: 5/5
  3921 | D:4      | Found a broken altar of Ashenzari.
  3996 | D:4      | Found a shadowy altar of Dithmenos.
  4121 | D:4      | Became a worshipper of Dithmenos the Shadowed
  4209 | D:4      | Reached XP level 7. HP: 59/59 MP: 6/6
  4246 | D:4      | Reached skill level 5 in Long Blades
  4562 | D:4      | Found a hide-covered altar of Uskayaw.
  4569 | D:5      | Entered Level 5 of the Dungeon
  4577 | D:5      | Noticed Grinder
  4578 | D:5      | Found a staircase to the Ecumenical Temple.
  4590 | D:5      | Paralysed by Grinder for 6 turns
  4899 | D:5      | Paralysed by Grinder for 5 turns
  4907 | D:5      | Killed Grinder
  4908 | D:5      | Reached XP level 8. HP: 37/67 MP: 7/7
  5082 | D:5      | Found a basalt altar of Yredelemnul.
  5085 | D:5      | Found a sparkling altar of Nemelex Xobeh.
  5087 | D:5      | Found a white marble altar of Elyvilon.
  5257 | D:5      | Reached skill level 5 in Fighting
  5257 | D:5      | Reached skill level 6 in Long Blades
  5614 | D:5      | Reached skill level 5 in Dodging
  5674 | Temple   | Entered the Ecumenical Temple
  5937 | D:6      | Reached * piety under Dithmenos
  6159 | D:6      | Reached skill level 7 in Long Blades
  6159 | D:6      | Reached XP level 9. HP: 30/75 MP: 8/8
  6860 | D:6      | Noticed Pikel
  6889 | D:6      | Killed Pikel
  7626 | D:7      | Reached skill level 5 in Armour
  7626 | D:7      | Reached ** piety under Dithmenos
  7643 | D:7      | Reached skill level 8 in Long Blades
  8289 | D:7      | Reached XP level 10. HP: 66/86 MP: 9/9
  9277 | D:8      | Noticed Psyche
  9291 | D:8      | Killed Psyche
  9420 | D:9      | Found Cephos's Gadget Shoppe.
  9421 | D:9      | Noticed Prince Ribbit
  9440 | D:9      | Reached skill level 9 in Long Blades
  9471 | D:9      | Killed Prince Ribbit
  9723 | D:9      | Reached *** piety under Dithmenos
  9781 | D:9      | Found Usynn's Armour Emporium.
  9789 | D:9      | Bought a +0 helmet of see invisible for 149 gold pieces
 10012 | D:9      | Reached skill level 1 in Evocations
 10531 | D:9      | Found Saus's Jewellery Shoppe.
 10805 | D:9      | Noticed Maurice
 10823 | D:9      | Killed Maurice
 10949 | D:9      | Found Fiydyj's Magic Scroll Emporium.
 10954 | D:9      | Bought 3 scrolls of identify for 78 gold pieces
 10954 | D:9      | Bought a scroll of identify for 26 gold pieces
 10986 | D:9      | Noticed Erica
 11008 | D:9      | Killed Erica
 11009 | D:9      | Reached XP level 11. HP: 65/94 MP: 10/10
 11191 | D:10     | Entered Level 10 of the Dungeon
 11257 | D:10     | Noticed a two-headed ogre
 11264 | D:10     | Killed a two-headed ogre
 12072 | D:10     | Noticed an unseen horror
 12077 | D:10     | Killed an unseen horror
 12078 | D:10     | Reached skill level 10 in Long Blades
 12130 | D:10     | Reached **** piety under Dithmenos
 12648 | D:11     | Found a blossoming altar of Fedhas.
 12663 | D:11     | Noticed a boulder beetle
 12684 | D:11     | Killed a boulder beetle
 12972 | D:11     | Found a staircase to the Lair.
 13218 | D:11     | Noticed Urug
 13257 | D:11     | Killed Urug
 13295 | D:11     | Noticed a white ugly thing
 13309 | D:11     | Killed a white ugly thing
 13310 | D:11     | Reached XP level 12. HP: 44/103 MP: 11/11
 13652 | D:11     | Noticed Snorg
 13685 | D:11     | Killed Snorg
 14611 | D:12     | Noticed a two-headed ogre
 14621 | D:12     | Killed a two-headed ogre
 14670 | D:12     | Reached skill level 1 in Shields
 14980 | D:12     | Found a transporter.
 15074 | D:12     | Slain by a very large slime creature

Illustrated notes

Levels and vault maps discovered:
D:1:      moated_graveyard_arrival, layout_basic
D:2:      layout_loops_ring, st_stairs_10
D:3:      layout_loops_ring, grunt_temple_overflow_order_and_chaos_1
D:4:      layout_cave_pools, kennysheep_mini, evilmike_ruin_ashenzari,
          nicolae_dithmenos_the_darkroom
D:5:      layout_cave_pools, grunt_temple_overflow_diamond,
          minmay_temple_entry_offerings, uniq_grinder
D:6:      layout_basic, minmay_misc_feat_ornament, minmay_bent, uniq_pikel
D:7:      layout_cave_pools, grunt_decor_fettered
D:8:      layout_loops_ring, lightli_minifort, uniq_psyche
D:9:      layout_basic, serial_shops, shop, shop_statue, shop,
          nicolae_shop_statue_plus, grunt_decor_clamped, uniq_maurice,
          uniq_erica, uniq_prince_ribbit1
D:10:     layout_basic, st_stairs_1
D:11:     layout_roguey, lair_entry_dummy, basic_altar,
          chequers_serial_rivers_large_a, uniq_snorg, uniq_urug
D:12:     gammafunk_beogh_shrine, layout_stronghold, david_orc_5,
          minmay_rotating_lava, uniq_kirke
Temple:   eino_wide_crystal_templ

Skill      XL: |  1  2  3  4  5  6  7  8  9 10 11 12 |
---------------+-------------------------------------+-----
Long Blades    | 3 4 5 7 8 9 10 | 10.9
Dodging        | 3 4 5 6 7 8 9 |  9.2
Armour         | 1 2 3 4 5 6 8 |  8.7
Fighting       | 3 4 5 7 8 9 |  9.2
Evocations     | 2 3 4 |  4.1
Shields        | 1 |  1.3
Throwing       | |  1.7

Action                   |  1- 3 |  4- 6 |  7- 9 | 10-12 || total
-------------------------+-------+-------+-------+-------++-------
Melee: Long sword        |    72 |   198 |   383 |       ||   653
       Scimitar          |       |       |     6 |   621 ||   627
Throw: Throwing net      |       |     2 |     3 |       ||     5
Evoke: Wand              |       |       |       |     8 ||     8
  Use: Scroll            |     5 |     5 |     4 |    13 ||    27
       Potion            |     1 |       |     5 |     7 ||    13
 Stab: Held in net/web   |       |       |     1 |       ||     1
       Sleeping          |       |       |     9 |     7 ||    16
Armor: Leather armour    |    27 |    56 |    97 |     6 ||   186
       Ring mail         |       |       |       |   133 ||   133
Dodge: Dodged            |    69 |   129 |   283 |   416 ||   897
Block: Other             |       |       |    86 |   112 ||   198
       Reflection        |       |       |     3 |     2 ||     5
       Buckler           |       |       |       |    48 ||    48
       Rpst.: Long sword |    21 |    42 |    84 |       ||   147
       Scimitar          |       |       |     1 |   108 ||   109

Table legend: (Time is in decaauts)
 A = Elapsed time spent in this place.
 B = Non-inter-level travel time spent in this place.
 C = Inter-level travel time spent in this place.
 D = Time resting spent in this place.
 E = Time spent auto-exploring this place.
 F = Levels seen in this place.
 G = Mean time per level.
                   A        B        C        D        E       F      G
               +--------+--------+--------+--------+--------+-----+--------+
         Total |  15099 |  14716 |    383 |   5209 |   6935 |  13 | 1161.5 |
       Dungeon |  15026 |  14654 |    372 |   5209 |   6881 |  12 | 1252.2 |
        Temple |     73 |     62 |     11 |      0 |     54 |   1 |   73.0 |
               +--------+--------+--------+--------+--------+-----+--------+

Top non-repeatable levels by time:
     D:6: 1737 daAuts
     D:9: 1707 daAuts
    D:11: 1664 daAuts
     D:2: 1658 daAuts
    D:10: 1469 daAuts
     D:3: 1370 daAuts
     D:4: 1134 daAuts
     D:7: 981 daAuts
     D:5: 961 daAuts
     D:8: 881 daAuts
    D:12: 746 daAuts
     D:1: 713 daAuts
  Temple: 73 daAuts
